 Dungeon Crawl Stone Soup version 0.23.2-1-ga50397a (webtiles) character file.

Game seed: 14887414176006605804

151 Iscandelvey the Vexing (level 5, 37/37 HPs)
             Began as a Demonspawn Arcane Marksman on May 2, 2019.
             Quit the game on level 2 of the Dungeon.
             The game lasted 00:13:32 (2641 turns).

Iscandelvey the Vexing (Demonspawn Arcane Marksman) Turns: 2641, Time: 00:13:32

Health: 37/37      AC:  5    Str: 11    XL:     5   Next: 11%
Magic:  8/8        EV: 12    Int: 15    God:
Gold:   61         SH:  0    Dex: 13    Spells: 5/8 levels left

rFire    . . .     SeeInvis .   a - +0 hand crossbow
rCold    . . .     Gourm    .   (no shield)
rNeg     . . .     Faith    .   g - +0 leather armour
rPois    .         Spirit   .   p - +1 hat
rElec    .         Reflect  .   (no cloak)
rCorr    .         Harm     .   r - +0 pair of gloves (curse)
MR       .....                  (no boots)
Stlth    +.........             (no amulet)
HPRegen  0.12/turn              (no ring)
MPRegen  0.11/turn              (no ring)

@: no status effects
A: demonic guardian 1, powered by death 1
a: no special abilities


You were on level 2 of the Dungeon.
You were not hungry.

You visited 1 branch of the dungeon, and saw 2 of its levels.

You collected 61 gold pieces.

Inventory:

Hand Weapons
 a - a +0 hand crossbow (weapon)
 h - a +0 dagger
 j - a +0 short sword
 k - a +0 hand axe
 t - a +0 rapier
Missiles
 d - 58 bolts (quivered)
 i - 66 stones
 n - 15 sling bullets
 u - a throwing net
Armour
 e - a +0 robe
 g - a +0 leather armour (worn)
 p - a +1 hat (worn)
 r - a cursed +0 pair of gloves (worn)
Scrolls
 b - 2 scrolls of teleportation {unknown}
 o - 6 scrolls of identify {unknown}
Potions
 c - 2 potions of degeneration {unknown}
 l - a potion of magic {unknown}
 m - a potion of haste {unknown}
 q - 2 potions of curing {unknown}
Comestibles
 f - 4 rations
 s - a chunk of flesh


   Skills:
 - Level 1.0 Fighting
 * Level 3.1 Crossbows
 + Level 2.6 Dodging
 + Level 2.0 Spellcasting
 * Level 4.1 Hexes


You had 5 spell levels left.
You knew the following spells:

 Your Spells              Type           Power        Failure   Level  Hunger
a - Corona                Hex            ##.....      5%          1    #......
b - Slow                  Hex            ##......     9%          2    ###....

Your spell library contained the following spells:

 Spells                   Type           Power        Failure   Level  Hunger
 Inner Flame              Hex/Fire       #.......     36%         3    ###....
 Portal Projectile        Hex/Tloc       #.....       36%         3    ###....
 Cause Fear               Hex            ##........   47%         4    #####..
 Leda's Liquefaction      Hex/Erth       #.........   77%         4    #####..


Dungeon Overview and Level Annotations

Branches:
Dungeon (2/15)

Altars:


Innate Abilities, Weirdness & Mutations

A weak demonic guardian rushes to your aid.
You regenerate a little health from kills.


Message History

Things that are here:
a +0 flail; a +0 scale mail; the human corpse of Terence You butcher the human corpse of Terence.
s - 2 chunks of flesh
Things that are here:
a +0 flail; a +0 scale mail; the human skeleton of Terence
d - 55 bolts (gained 1)
d - 56 bolts (gained 1) Eating one of 2 chunks of flesh.
You eat one of the 2 chunks of flesh.
This raw flesh tastes terrible.
There is a stone staircase leading up here.
d - 57 bolts (gained 1)
d - 58 bolts (gained 1)
There is a stone staircase leading up here.
Things that are here:
a +0 flail; a +0 scale mail; the human skeleton of Terence Done exploring.
Done exploring.
Done exploring.
Are you sure you want to abandon this character and quit the game? (Confirm with "yes".)

#.### #.#.....).# #...#
#.#.####..# ###)#
#.#.####..####
#.########............#
#............####..##.#
#.########.####........
##.###### #.####.##.##.#
#.......# #.........##.#
#.#####@# #.####....##.#
#.# #.# #.# #...###.#
#.# #.# #.# #...# #.#
#.# #.# #.# #)..###.#
#.#####.# #.####...#....
#.......# #....)........
##.#.#### ######.<.#.##.
#.#.# #######........
#.#.#####.รท............


There were no monsters in sight!

Vanquished Creatures
  Terence (D:2)
  5 gnolls
  3 adders
  A dart slug (D:2)
  A leopard gecko (D:1)
  10 bats
  2 giant cockroaches (D:1)
  2 goblins (D:1)
  6 hobgoblins
  8 jackals
  6 kobolds
  4 frilled lizards
  A quokka skeleton (D:2)
  3 rats (D:1)
53 creatures vanquished.

Notes
Turn   | Place    | Note
-------+----------+-------------------------------------------
     0 | D:1      | Iscandelvey the Demonspawn Arcane Marksman began the quest
                  | for the Orb.
     0 | D:1      | Reached XP level 1. HP: 15/15 MP: 2/2
   102 | D:1      | Gained mutation: You regenerate a little health from kills.
                  | [demonic ancestry]
   102 | D:1      | Reached XP level 2. HP: 21/21 MP: 3/3
   106 | D:1      | Learned a level 2 spell: Slow
   602 | D:1      | Reached XP level 3. HP: 26/26 MP: 4/4
  1432 | D:2      | Reached XP level 4. HP: 32/32 MP: 3/6
  2270 | D:2      | Reached skill level 4 in Hexes
  2499 | D:2      | Noticed Terence
  2528 | D:2      | Killed Terence
  2528 | D:2      | Gained mutation: A weak demonic guardian rushes to your
                  | aid. [demonic ancestry]
  2528 | D:2      | Reached XP level 5. HP: 37/37 MP: 2/8
  2641 | D:2      | Quit the game

Skill      XL: |  1  2  3  4 |
---------------+-------------+-----
Crossbows      | 2 3 |  3.1
Dodging        | 2 |  2.6
Hexes          | 4 |  4.1
Spellcasting   | 2 |  2.0
Fighting       | |  1.0

Action                   |  1- 3 |  4- 6 || total
-------------------------+-------+-------++-------
Melee: Dagger            |    40 |       ||    40
       Short sword       |    47 |       ||    47
       Hand axe          |    18 |    55 ||    73
 Fire: Hand crossbow     |    18 |    22 ||    40
Throw: Stone             |       |     3 ||     3
 Cast: Slow              |    10 |    14 ||    24
       Corona            |     1 |     8 ||     9
 Stab: Sleeping          |     1 |       ||     1
  Eat: Chunk             |     3 |     5 ||     8
Armor: Robe              |    22 |    30 ||    52
       Leather armour    |       |     2 ||     2
Dodge: Dodged            |    85 |    72 ||   157
